[Event "British Columbia op"]
[Site "Richmond CAN"]
[Date "2022.02.19"]
[Round "1.3"]
[White "Kenney, Jason"]
[Black "Williamson, Jason"]
[Result "1-0"]
[ECO "B23"]
[WhiteElo "2285"]
[BlackElo "1900"]
[PlyCount "66"]
[EventDate "2022.02.19"]
[EventType "swiss"]
[EventRounds "6"]
[EventCountry "CAN"]
[TimeControl "90+30"]

1. e4 c5 2. Nc3 Nc6 3. Bb5 g6 4. Bxc6 dxc6 5. d3 Bg7 6. Be3 b6 7. Qd2 Nf6 8. h3
h5 9. f4 Be6 10. Nf3 Qd7 11. O-O O-O-O 12. a3 h4 13. b4 c4 14. Ne5 Qc7 15. d4
Nh5 16. Qf2 Ng3 17. Rfe1 Bxe5 18. dxe5 Rd7 19. Qf3 Rhd8 20. Rad1 Qb7 21. Bf2
Rd2 22. Bxg3 hxg3 23. Qxg3 Qa6 24. Rxd2 Rxd2 25. a4 Rxc2 26. Rd1 b5 27. f5 Qb6+
28. Kh2 gxf5 29. exf5 Bxf5 30. axb5 cxb5 31. Nd5 Qe6 32. Qf4 Bd3 33. Qd4 Bg6
1-0

[Event "British Columbia op"]
[Site "Richmond CAN"]
[Date "2022.02.19"]
[Round "1.4"]
[White "Guo, Veronica (Yu Han)"]
[Black "MacKinnon, Keith"]
[Result "0-1"]
[ECO "E46"]
[WhiteElo "1881"]
[BlackElo "2284"]
[PlyCount "64"]
[EventDate "2022.02.19"]
[EventType "swiss"]
[EventRounds "6"]
[EventCountry "CAN"]
[TimeControl "90+30"]

1. d4 Nf6 2. c4 e6 3. Nc3 Bb4 4. e3 O-O 5. Nge2 d5 6. a3 Be7 7. cxd5 exd5 8.
Nf4 Re8 9. Bd3 c6 10. O-O Bd6 11. b4 Nbd7 12. b5 Bxf4 13. exf4 c5 14. Be3 c4
15. Bc2 Nf8 16. f5 Ne4 17. Nxe4 dxe4 18. g4 Qh4 19. Kh1 Nd7 20. Rg1 Nf6 21. Rg2
Bd7 22. a4 a6 23. b6 Kh8 24. a5 Rac8 25. Qe2 h5 26. g5 Nd5 27. g6 fxg6 28. Bg5
Qh3 29. fxg6 Bg4 30. Rxg4 hxg4 31. Ra3 Qxa3 32. Qxg4 Qf3+ 0-1

[Event "British Columbia op"]
[Site "Richmond CAN"]
[Date "2022.02.19"]
[Round "1.5"]
[White "Albitar, Hani"]
[Black "Jiang, Kate"]
[Result "1/2-1/2"]
[ECO "D13"]
[WhiteElo "2249"]
[BlackElo "1877"]
[PlyCount "125"]
[EventDate "2022.02.19"]
[EventType "swiss"]
[EventRounds "6"]
[EventCountry "CAN"]
[TimeControl "90+30"]

1. d4 d5 2. c4 c6 3. cxd5 cxd5 4. Bf4 Nf6 5. Nc3 Nc6 6. e3 a6 7. Be2 Bf5 8. Nf3
e6 9. Qb3 Qd7 10. O-O Bd6 11. Ne5 Bxe5 12. dxe5 Ne4 13. Rfc1 Nxc3 14. Rxc3 O-O
15. Rac1 Rfc8 16. Qb6 Qc7 17. Qc5 Qe7 18. g4 Be4 19. f3 Bg6 20. Kf2 h6 21. Qxe7
Nxe7 22. h4 Rxc3 23. Rxc3 Rc8 24. Rxc8+ Nxc8 25. Ke1 h5 26. g5 Ne7 27. Bg3 Kf8
28. Kd2 Ke8 29. Kc3 Kd7 30. Kb4 Kc7 31. f4 Nc6+ 32. Kc3 Kb6 33. Bf2 Kc7 34. b4
Nb8 35. Be1 Nd7 36. Bf2 f6 37. exf6 gxf6 38. Bg3 Kc6 39. a4 b5 40. axb5+ axb5
41. Kd4 f5 42. Be1 Kb6 43. Bc3 Kc6 44. Be1 Kb6 45. Bd3 Kc6 46. Bf2 Kb6 47. Bf1
Kc6 48. Kc3 Nb6 49. Kd4 Nd7 50. Be1 Kb6 51. Bc3 Kc6 52. Kd3 Kd6 53. Bg7 Kc6 54.
Kd4 Kb6 55. Be2 Kc6 56. Bf6 Bf7 57. Bf1 Bg6 58. Be2 Bf7 59. Bd1 Bg6 60. Bb3 Bf7
61. Be7 Bg6 62. Bc5 Bf7 63. Bd1 1/2-1/2

[Event "British Columbia op"]
[Site "Richmond CAN"]
[Date "2022.02.19"]
[Round "1.6"]
[White "Yang, Jingyun (Ryan)"]
[Black "Mohammed Qanee, Arpak Worya"]
[Result "1-0"]
[ECO "C01"]
[WhiteElo "1812"]
[BlackElo "2188"]
[PlyCount "77"]
[EventDate "2022.02.19"]
[EventType "swiss"]
[EventRounds "6"]
[EventCountry "CAN"]
[TimeControl "90+30"]

1. e4 e6 2. Nf3 d5 3. exd5 exd5 4. d4 Bd6 5. Bd3 Nf6 6. O-O O-O 7. Re1 Bg4 8.
Nbd2 Nc6 9. c3 Qd7 10. Nf1 Rae8 11. Ne3 Ne7 12. Nxg4 Qxg4 13. h3 Qc8 14. Bg5
Ng6 15. Qc2 c6 16. Bxf6 gxf6 17. Bf5 Qd8 18. g3 Rxe1+ 19. Rxe1 Re8 20. Rxe8+
Qxe8 21. Kg2 h6 22. h4 Ne7 23. Qe2 Qf8 24. Bb1 Qg7 25. Nh2 f5 26. Qf3 f4 27.
Kh3 fxg3 28. fxg3 f5 29. Nf1 Qf7 30. Ne3 f4 31. Ng4 Qe6 32. gxf4 h5 33. f5 Qe1
34. Nh6+ Kh7 35. Nf7 Bc7 36. f6+ Qxb1 37. Ng5+ Kg6 38. fxe7 Qe1 39. Qf7+ 1-0

[Event "British Columbia op"]
[Site "Richmond CAN"]
[Date "2022.02.19"]
[Round "1.8"]
[White "Taylor, Ashton"]
[Black "McLaren, Brian"]
[Result "0-1"]
[ECO "B05"]
[WhiteElo "1806"]
[BlackElo "2089"]
[PlyCount "52"]
[EventDate "2022.02.19"]
[EventType "swiss"]
[EventRounds "6"]
[EventCountry "CAN"]
[TimeControl "90+30"]

1. e4 Nf6 2. e5 Nd5 3. d4 d6 4. Nf3 Bg4 5. Be2 c6 6. O-O Bxf3 7. Bxf3 dxe5 8.
dxe5 e6 9. Qe2 Nd7 10. c4 Ne7 11. Bf4 Ng6 12. Bg3 Qa5 13. Be4 Ndxe5 14. Nd2 Nd7
15. Nb3 Qb6 16. Rad1 Rd8 17. Qh5 Nf6 18. c5 Qxb3 19. Rxd8+ Kxd8 20. Qh3 Qc4 21.
Rd1+ Ke8 22. Bxg6 fxg6 23. Bc7 Bxc5 24. b3 Qe2 25. Rc1 Qxf2+ 26. Kh1 Kf7 0-1

[Event "British Columbia op"]
[Site "Richmond CAN"]
[Date "2022.02.19"]
[Round "1.9"]
[White "Yang, Brian"]
[Black "Yang, Henry"]
[Result "1-0"]
[ECO "C45"]
[WhiteElo "2056"]
[BlackElo "1761"]
[PlyCount "87"]
[EventDate "2022.02.19"]
[EventType "swiss"]
[EventRounds "6"]
[EventCountry "CAN"]
[TimeControl "90+30"]

1. e4 e5 2. Nf3 Nc6 3. d4 exd4 4. Nxd4 Bc5 5. Nxc6 Qf6 6. Qf3 dxc6 7. Nc3 Be6
8. Qg3 Ne7 9. Be3 Bxe3 10. Qxe3 O-O 11. O-O-O Ng6 12. g3 Bg4 13. Be2 Bxe2 14.
Nxe2 a5 15. f4 a4 16. Qd4 Qe7 17. h4 Rfd8 18. Qc4 Rxd1+ 19. Rxd1 Ra6 20. Qd3
Ra8 21. Nd4 a3 22. b3 Qc5 23. Nf5 Re8 24. e5 Nf8 25. h5 g6 26. hxg6 hxg6 27.
Ne3 Kg7 28. Ng4 Ne6 29. Qe3 Qxe3+ 30. Nxe3 b5 31. b4 Rd8 32. Rxd8 Nxd8 33. c3
Ne6 34. Kc2 c5 35. Kb3 c4+ 36. Kxa3 c6 37. Kb2 c5 38. Ka3 f6 39. bxc5 Nxc5 40.
Kb4 Ne4 41. e6 f5 42. Nd5 Nxg3 43. Kxb5 Ne2 44. Kc6 1-0

[Event "British Columbia op"]
[Site "Richmond CAN"]
[Date "2022.02.19"]
[Round "1.10"]
[White "Houshyar, Ghandi"]
[Black "Verdon, Norman"]
[Result "0-1"]
[ECO "B49"]
[WhiteElo "1739"]
[BlackElo "2011"]
[PlyCount "86"]
[EventDate "2022.02.19"]
[EventType "swiss"]
[EventRounds "6"]
[EventCountry "CAN"]
[TimeControl "90+30"]

1. e4 c5 2. Nf3 e6 3. d4 cxd4 4. Nxd4 Nf6 5. Nc3 Nc6 6. Be3 Qc7 7. Be2 a6 8.
Qd2 Bb4 9. f3 d5 10. a3 Bxc3 11. Qxc3 dxe4 12. Nxc6 Qxc6 13. Bd4 Qxc3+ 14. Bxc3
Nd5 15. Bxg7 Rg8 16. Bh6 Rxg2 17. fxe4 Nf6 18. Bd3 e5 19. O-O-O Ng4 20. Bg7 Nf2
21. Rdg1 Rxg7 22. Rxg7 Nxh1 23. Rg2 Ke7 24. Bf1 Be6 25. Kd2 Rd8+ 26. Ke1 Bh3
27. Rg1 Bxf1 28. Rxf1 Rd4 29. Rxh1 Rxe4+ 30. Kd2 Rg4 31. h3 Rg3 32. Rh2 f5 33.
a4 h5 34. a5 Kd6 35. b4 Kd5 36. h4 f4 37. Re2 e4 38. c4+ Kd4 39. Kc2 f3 40.
Rd2+ Kxc4 41. Rd7 Rg2+ 42. Kd1 e3 43. Rc7+ Kb3 0-1

[Event "Ladder 2"]
[Site "Gatineau CAN"]
[Date "2022.03.01"]
[Round "1"]
[White "Raymond, Daniel"]
[Black "Desjardins, Michel"]
[Result "1-0"]
[ECO "B01"]
[WhiteElo "1762"]
[BlackElo "1826"]
[PlyCount "43"]
[EventDate "2022.03.01"]
[EventType "swiss"]
[EventRounds "6"]
[EventCountry "CAN"]
[TimeControl "240+2"]

1. e4 d5 2. exd5 Qxd5 3. Nc3 Qd6 4. d4 Nf6 5. Nf3 g6 6. h3 a6 7. g3 b5 8. Bg2
Bb7 9. O-O Bg7 10. Re1 O-O 11. Bf4 Qd8 12. Qe2 Re8 13. Qd2 Nbd7 14. Rad1 Nb6
15. b3 Rc8 16. Ne5 Bxg2 17. Kxg2 Nbd5 18. Nxd5 Qxd5+ 19. Kh2 c5 20. c4 bxc4 21.
Nxc4 Qxd4 22. Qc2 1-0

[Event "Ladder 2"]
[Site "Gatineau CAN"]
[Date "2022.03.15"]
[Round "2"]
[White "Masse-Garneau, Anthony"]
[Black "Matkovsky, Taras"]
[Result "1-0"]
[ECO "B73"]
[WhiteElo "1532"]
[BlackElo "950"]
[PlyCount "55"]
[EventDate "2022.03.01"]
[EventType "swiss"]
[EventRounds "6"]
[EventCountry "CAN"]
[TimeControl "90/30:0"]

1. e4 c5 2. Nf3 d6 3. d4 cxd4 4. Nxd4 Nf6 5. Nc3 g6 6. Be2 Bg7 7. Be3 O-O 8.
O-O Nc6 9. a3 Bd7 10. f4 Nxd4 11. Bxd4 Bc6 12. Bf3 Nd7 13. Bxg7 Kxg7 14. Kh1
Qc7 15. Nd5 Bxd5 16. Qxd5 Nf6 17. Qd2 e5 18. c3 Rfd8 19. f5 Qc4 20. fxg6 hxg6
21. Rae1 d5 22. exd5 Nxd5 23. Bxd5 Rxd5 24. Qg5 Qc6 25. Qe7 Rf8 26. Rxe5 Rd2
27. Re2 Qb5 28. Qf6+ 1-0

[Event "Ladder 2"]
[Site "Gatineau CAN"]
[Date "2022.03.15"]
[Round "2"]
[White "Villeneuve, Denis"]
[Black "Brault, Jean-Francois"]
[Result "0-1"]
[ECO "B27"]
[WhiteElo "1458"]
[BlackElo "1492"]
[PlyCount "114"]
[EventDate "2022.03.01"]
[EventType "swiss"]
[EventRounds "6"]
[EventCountry "CAN"]
[TimeControl "90/30:0"]

1. e4 c5 2. Nf3 g6 3. c3 Bg7 4. d4 b6 5. d5 d6 6. Bb5+ Nd7 7. Bg5 a6 8. Bc6 Ra7
9. Nbd2 h6 10. Bh4 Bb7 11. Bxb7 Rxb7 12. Nc4 g5 13. Bg3 Ngf6 14. Bxd6 Nxe4 15.
Qe2 f5 16. Nfe5 Nxe5 17. Bxe5 O-O 18. Bxg7 Kxg7 19. O-O-O b5 20. Ne5 Qd6 21.
Nc6 Qf4+ 22. Kb1 Nxf2 23. Rhf1 Qe4+ 24. Qxe4 Nxe4 25. Na5 Rd7 26. Nb3 c4 27.
Nd4 Kg6 28. Ne6 Rf6 29. Kc2 Rf7 30. Rd4 Nf6 31. Rfd1 f4 32. h3 Kf5 33. Nc5 Rd6
34. Nb7 Rd7 35. Nc5 Ra7 36. d6 e5 37. R4d2 Nd7 38. Rd5 Rf6 39. Re1 Nxc5 40.
Rexe5+ Kg6 41. Rxc5 Rxd6 42. Red5 Rad7 43. Rxd6+ Rxd6 44. a3 Rf6 45. a4 Kh5 46.
axb5 axb5 47. Rxb5 Kh4 48. Rc5 Kg3 49. Rxc4 Kxg2 50. Kd2 Rf5 51. b4 f3 52. Rg4+
Kxh3 53. Rg1 g4 54. Ke3 g3 55. b5 f2 56. Rf1 Kg2 57. Ke2 Re5+ 0-1

[Event "Ladder 2"]
[Site "Gatineau CAN"]
[Date "2022.03.22"]
[Round "3"]
[White "Brault, Jean-Francois"]
[Black "Simard, Francois"]
[Result "1-0"]
[ECO "A03"]
[WhiteElo "1492"]
[BlackElo "1443"]
[PlyCount "73"]
[EventDate "2022.03.01"]
[EventType "swiss"]
[EventRounds "6"]
[EventCountry "CAN"]
[TimeControl "90/30:0"]

1. f4 d5 2. Nf3 Nc6 3. e3 Nf6 4. b3 g6 5. Bb2 Bg7 6. Bb5 O-O 7. O-O Bd7 8. d3
a6 9. Bxc6 Bxc6 10. h3 h6 11. Nbd2 Re8 12. Rc1 e6 13. Ne5 Bd7 14. Qe2 c5 15. c4
Rc8 16. Qf3 Qc7 17. b4 b6 18. Rfd1 Ba4 19. Re1 Nd7 20. d4 Nxe5 21. fxe5 Qb7 22.
e4 Red8 23. Ba3 cxb4 24. Bxb4 dxe4 25. Nxe4 Bc6 26. Bd6 Bxe4 27. Rxe4 Bf8 28.
Bxf8 Rxf8 29. Qe3 Kg7 30. Qd3 f5 31. exf6+ Rxf6 32. Rce1 Qf7 33. d5 Rd8 34. d6
Qd7 35. Rd1 Rdf8 36. Qd4 Qc6 37. Rxe6 1-0

[Event "Ladder 2"]
[Site "Gatineau CAN"]
[Date "2022.03.22"]
[Round "3"]
[White "Labelle, Raymond"]
[Black "Obayojie, Emmanuel"]
[Result "0-1"]
[ECO "C42"]
[WhiteElo "1569"]
[BlackElo "1350"]
[PlyCount "62"]
[EventDate "2022.03.01"]
[EventType "swiss"]
[EventRounds "6"]
[EventCountry "CAN"]
[TimeControl "90/30:0"]

1. e4 e5 2. Nf3 Nc6 3. Nc3 d6 4. h3 Nf6 5. d4 exd4 6. Nxd4 Be7 7. Nxc6 bxc6 8.
Bd3 O-O 9. O-O Bb7 10. Be3 Qd7 11. Qd2 Rad8 12. Rad1 Rfe8 13. Ne2 c5 14. Ng3
Bf8 15. f3 d5 16. exd5 Nxd5 17. Qf2 Rxe3 18. c4 Rxd3 19. Rxd3 Bd6 20. cxd5 Qb5
21. Rfd1 c4 22. a4 Qxa4 23. R3d2 Bb4 24. Rc2 Bc5 25. Qxc5 Qxc2 26. Re1 Qd2 27.
Re2 Qxd5 28. Qxc7 Rf8 29. Re5 Qd4+ 30. Kh1 Qxb2 31. Qxc4 Qxe5 0-1

[Event "Ladder 2"]
[Site "Gatineau CAN"]
[Date "2022.03.29"]
[Round "4"]
[White "Blais, Robert"]
[Black "Rioux, Jocelyn"]
[Result "1/2-1/2"]
[ECO "D10"]
[WhiteElo "1629"]
[BlackElo "1602"]
[PlyCount "61"]
[EventDate "2022.03.01"]
[EventType "swiss"]
[EventRounds "6"]
[EventCountry "CAN"]
[TimeControl "90/30:0"]

1. d4 d5 2. c4 c6 3. Nc3 Nf6 4. Bg5 h6 5. Bxf6 exf6 6. cxd5 cxd5 7. e3 Nc6 8.
Nf3 Bb4 9. Rc1 O-O 10. Be2 Qa5 11. a3 Bxc3+ 12. Rxc3 Be6 13. O-O Rac8 14. b4
Qd8 15. Qb1 Ne7 16. Rfc1 Qd7 17. Bd3 Rxc3 18. Rxc3 Rc8 19. Qc2 a6 20. Nd2 g6
21. f4 Kg7 22. Nb3 Rxc3 23. Qxc3 Nc8 24. Nc5 Qc6 25. Nxe6+ Qxe6 26. Qc7 b5 27.
Kf2 Nd6 28. Qc2 Nc4 29. Qc1 Qb6 30. Qc3 Qe6 31. Qc1 1/2-1/2

[Event "Ladder 2"]
[Site "Gatineau CAN"]
[Date "2022.03.29"]
[Round "4"]
[White "Brault, Jean-Francois"]
[Black "Labelle, Raymond"]
[Result "0-1"]
[ECO "A03"]
[WhiteElo "1492"]
[BlackElo "1569"]
[PlyCount "90"]
[EventDate "2022.03.01"]
[EventType "swiss"]
[EventRounds "6"]
[EventCountry "CAN"]
[TimeControl "90/30:0"]

1. f4 Nf6 2. Nf3 d5 3. e3 e6 4. b3 Nc6 5. Bb5 Bd7 6. Bb2 a6 7. Bxc6 Bxc6 8. O-O
Bd6 9. Ne5 Bb5 10. d3 a5 11. Nd2 O-O 12. c4 dxc4 13. bxc4 Ba6 14. Ng4 Nd7 15.
Nh6+ Kh8 16. Qg4 f6 17. Qxe6 gxh6 18. Rf3 Qe7 19. Qh3 Rg8 20. Qxh6 Qg7 21. Qh3
Qg4 22. Ne4 Be7 23. Raf1 Raf8 24. Ng5 Qxh3 25. Rxh3 Rg7 26. Ne6 Rfg8 27. Nxg7
Rxg7 28. Rc1 b6 29. d4 Bb7 30. Rc2 Be4 31. Rf2 Bb4 32. g3 Kg8 33. Rh6 Bf8 34.
Rh5 Bg6 35. Rh4 Be7 36. f5 Bf7 37. d5 Nc5 38. Rd2 Rg5 39. e4 Nd7 40. Kg2 Ne5
41. Bc1 Rg7 42. Rc2 Be8 43. Bd2 Ba4 44. Rc3 Bb4 45. Ra3 Bxa3 0-1

[Event "Ladder 2"]
[Site "Gatineau CAN"]
[Date "2022.03.29"]
[Round "4"]
[White "Fang, Zhou"]
[Black "Dupont-Mageau, Nicolas"]
[Result "1/2-1/2"]
[ECO "A40"]
[WhiteElo "1704"]
[BlackElo "1755"]
[PlyCount "57"]
[EventDate "2022.03.01"]
[EventType "swiss"]
[EventRounds "6"]
[EventCountry "CAN"]
[TimeControl "90/30:0"]

1. e4 e6 2. d4 b6 3. c4 Bb7 4. Nc3 Bb4 5. Bd3 Ne7 6. Qg4 Ng6 7. h4 h5 8. Qg3
Nc6 9. Nge2 e5 10. d5 Nd4 11. Bd2 Nxe2 12. Kxe2 d6 13. Bg5 Qd7 14. Nd1 Qg4+ 15.
Qxg4 hxg4 16. Ne3 Bc8 17. f3 gxf3+ 18. gxf3 f6 19. h5 Ne7 20. Bh4 Rxh5 21. Ng4
Bxg4 22. fxg4 Rh6 23. Raf1 Kd7 24. a3 Rah8 25. axb4 Rxh4 26. Rxh4 Rxh4 27. g5
Ng8 28. Bc2 Ke7 29. Ra1 1/2-1/2

[Event "Ladder 2"]
[Site "Gatineau CAN"]
[Date "2022.03.29"]
[Round "4"]
[White "Godbout, Elliott"]
[Black "Thompson, Francis"]
[Result "0-1"]
[ECO "B56"]
[WhiteElo "1230"]
[BlackElo "1361"]
[PlyCount "122"]
[EventDate "2022.03.01"]
[EventType "swiss"]
[EventRounds "6"]
[EventCountry "CAN"]
[TimeControl "90/30:0"]

1. e4 c5 2. Nf3 d6 3. d4 cxd4 4. Nxd4 Nf6 5. Nc3 Nc6 6. Be3 Ng4 7. Qd2 Nxe3 8.
Qxe3 Qb6 9. Bb5 Bd7 10. O-O-O e6 11. Rhe1 Be7 12. Nxc6 Qxe3+ 13. Rxe3 bxc6 14.
Ba4 e5 15. Kb1 O-O-O 16. g3 Kc7 17. a3 a5 18. f4 Bg4 19. Rdd3 f6 20. fxe5 fxe5
21. Re1 Rhf8 22. Nd1 Rb8 23. Ne3 Be6 24. Rc3 Rb6 25. Nd5+ Bxd5 26. exd5 c5 27.
Bc6 Bg5 28. Rd3 Rfb8 29. b3 a4 30. Bxa4 Ra8 31. Ka2 Rf8 32. Rdd1 Rf2 33. h4 Bf6
34. Kb1 Rf3 35. Rg1 c4 36. Rdf1 Re3 37. g4 cxb3 38. Bxb3 e4 39. Re1 Rbxb3+ 40.
cxb3 Rxb3+ 41. Kc1 Rxa3 42. g5 Be5 43. Ref1 Kb6 44. Kd2 Kc5 45. Rc1+ Kxd5 46.
Ke2 Ra2+ 47. Ke1 Rh2 48. Rg4 Rxh4 49. Rxh4 Bg3+ 50. Ke2 Bxh4 51. Rg1 h6 52.
gxh6 gxh6 53. Rg4 Bg5 54. Rg1 Ke5 55. Rd1 d5 56. Kf2 d4 57. Kg3 d3 58. Kf2 Kd4
59. Ra1 e3+ 60. Ke1 e2 61. Ra5 Bh4+ 0-1

[Event "Ladder 2"]
[Site "Gatineau CAN"]
[Date "2022.03.29"]
[Round "4"]
[White "Lecorre, Joel"]
[Black "Obayojie, Emmanuel"]
[Result "0-1"]
[ECO "C54"]
[WhiteElo "1528"]
[BlackElo "1350"]
[PlyCount "62"]
[EventDate "2022.03.01"]
[EventType "swiss"]
[EventRounds "6"]
[EventCountry "CAN"]
[TimeControl "90/30:0"]

1. e4 e5 2. Bc4 Nf6 3. d3 Bc5 4. Nf3 Nc6 5. c3 d5 6. exd5 Nxd5 7. O-O Bg4 8. h3
Bh5 9. Nbd2 O-O 10. Ne4 Bb6 11. Ng3 Bg6 12. Re1 Nf4 13. Nxe5 Nxe5 14. Rxe5 Qf6
15. Bxf4 Qxf4 16. Qe2 Qxg3 17. d4 Qf4 18. g3 Qf6 19. h4 h6 20. h5 Bh7 21. Re1
Rad8 22. Kg2 Kh8 23. Qd2 c5 24. Qe2 cxd4 25. cxd4 Rxd4 26. b3 Bg8 27. Re7 Ba5
28. Rf1 Rd2 29. Qe3 Rfd8 30. Rxb7 Bb6 31. Qe1 Qc6+ 0-1

[Event "Ladder 2"]
[Site "Gatineau CAN"]
[Date "2022.03.29"]
[Round "4"]
[White "Seguin, Hubert"]
[Black "Fiset, Anais Chloe"]
[Result "0-1"]
[ECO "B23"]
[WhiteElo "1541"]
[BlackElo "1758"]
[PlyCount "92"]
[EventDate "2022.03.01"]
[EventType "swiss"]
[EventRounds "6"]
[EventCountry "CAN"]
[TimeControl "90/30:0"]

1. e4 c5 2. Nc3 Nc6 3. Bb5 e6 4. Bxc6 bxc6 5. d3 d5 6. exd5 cxd5 7. Nf3 Bd6 8.
Qe2 Nf6 9. O-O Rb8 10. d4 cxd4 11. Nxd4 Qb6 12. Rd1 Ba6 13. Qe1 O-O 14. Rb1 e5
15. Nxd5 Nxd5 16. Nf5 Bb4 17. Qxe5 Qf6 18. Qxd5 Rbd8 19. Qf3 Qxf5 20. Rxd8 Rxd8
21. Be3 Qxf3 22. gxf3 Rd7 23. c3 Be7 24. Re1 f6 25. Bd4 Kf7 26. Kg2 Bd8 27. b3
Bb6 28. Rd1 Bxd4 29. cxd4 Ke6 30. Kg3 Kd6 31. Kf4 Re7 32. Rd2 Re2 33. Rxe2 Bxe2
34. Ke3 Bd1 35. f4 a5 36. Kd3 Kd5 37. Kc3 Be2 38. Kd2 Bf3 39. Kd3 Be4+ 40. Kc3
Bf5 41. f3 Bd7 42. Kd3 f5 43. a4 Bc8 44. h3 Ba6+ 45. Ke3 h6 46. h4 g6 0-1

[Event "Ladder 2"]
[Site "Gatineau CAN"]
[Date "2022.03.29"]
[Round "4"]
[White "Simchowitz, Yves"]
[Black "Simard, Francois"]
[Result "0-1"]
[ECO "B54"]
[WhiteElo "1108"]
[BlackElo "1443"]
[PlyCount "58"]
[EventDate "2022.03.01"]
[EventType "swiss"]
[EventRounds "6"]
[EventCountry "CAN"]
[TimeControl "90/30:0"]

1. e4 c5 2. d4 cxd4 3. Nf3 Nc6 4. Nxd4 d6 5. Bb5 Bd7 6. Bxc6 Bxc6 7. Nxc6 bxc6
8. O-O Nf6 9. Qf3 Qd7 10. Rd1 e5 11. Bg5 Be7 12. Nc3 O-O 13. h3 Rab8 14. b3 h6
15. Be3 Nh7 16. Rd3 f5 17. Bxh6 gxh6 18. Qg3+ Kh8 19. Qg6 Bg5 20. exf5 Rf6 21.
Qh5 Qxf5 22. Rf1 d5 23. g4 Qg6 24. Qxg6 Rxg6 25. Ne2 Rf8 26. Rc3 Bh4 27. f4
exf4 28. Nxf4 Rgf6 29. Ng6+ Rxg6 0-1

[Event "Ladder 2"]
[Site "Gatineau CAN"]
[Date "2022.04.05"]
[Round "5"]
[White "Blais, Robert"]
[Black "Fang, Zhou"]
[Result "0-1"]
[ECO "B30"]
[WhiteElo "1629"]
[BlackElo "1704"]
[PlyCount "48"]
[EventDate "2022.03.01"]
[EventType "swiss"]
[EventRounds "6"]
[EventCountry "CAN"]
[TimeControl "90/30:0"]

1. e4 c5 2. Nf3 Nc6 3. c4 e5 4. Nc3 d6 5. d3 Bg4 6. Be2 Nge7 7. O-O a6 8. Nh4
Bxe2 9. Qxe2 Nd4 10. Qg4 g6 11. f4 h5 12. Qg3 b5 13. fxe5 b4 14. exd6 Nec6 15.
Rxf7 bxc3 16. d7+ Qxd7 17. Rxf8+ Rxf8 18. Qxg6+ Qf7 19. Qxf7+ Rxf7 20. Nf5 Nxf5
21. exf5 c2 22. Be3 Rxf5 23. Rc1 O-O-O 24. Rxc2 Rxd3 0-1

[Event "Ladder 2"]
[Site "Gatineau CAN"]
[Date "2022.04.05"]
[Round "5"]
[White "Simard, Francois"]
[Black "Simchowitz, Yves"]
[Result "1-0"]
[ECO "C46"]
[WhiteElo "1443"]
[BlackElo "1108"]
[PlyCount "43"]
[EventDate "2022.03.01"]
[EventType "swiss"]
[EventRounds "6"]
[EventCountry "CAN"]
[TimeControl "90/30:0"]

1. e4 e5 2. Nf3 Nc6 3. d4 exd4 4. Nxd4 Nge7 5. Nc3 g6 6. Be3 Bg7 7. Be2 d5 8.
O-O O-O 9. f4 dxe4 10. Nxc6 Nxc6 11. Nxe4 f5 12. Bc4+ Kh8 13. Ng5 Qxd1 14.
Raxd1 Bf6 15. Bc5 Be7 16. Bxe7 Nxe7 17. Rfe1 h6 18. Nf7+ Kg7 19. Rxe7 Kf6 20.
Rxc7 Be6 21. Bxe6 Kxe6 22. Rd6# 1-0

[Event "Ladder 2 U1400"]
[Site "Gatineau CAN"]
[Date "2022.03.29"]
[Round "4"]
[White "Albert, Michel"]
[Black "Piche, Danielle"]
[Result "1-0"]
[ECO "D02"]
[WhiteElo "1125"]
[BlackElo "1132"]
[PlyCount "78"]
[EventDate "2022.03.01"]
[EventType "swiss"]
[EventRounds "6"]
[EventCountry "CAN"]
[TimeControl "60/30:0"]

1. d4 d5 2. Nf3 Nc6 3. c3 Nf6 4. Bf4 Bf5 5. e3 e6 6. Nbd2 Be7 7. Be2 O-O 8. Nh4
Nh5 9. Bg3 Nxg3 10. hxg3 Na5 11. Ndf3 Bd6 12. Nh2 c6 13. Bg4 Qf6 14. f4 Nc4 15.
Bxf5 exf5 16. O-O Nxb2 17. Qb1 Nc4 18. g4 fxg4 19. g3 Nxe3 20. Re1 Nc4 21. Nxg4
Qd8 22. Nf2 Qa5 23. Nf5 Bc7 24. Nh3 Qxc3 25. Ng5 g6 26. Nh6+ Kg7 27. Ng4 Qxd4+
28. Kg2 Qd2+ 29. Nf2 Ne3+ 30. Kf3 Rae8 31. Qxb7 Bd8 32. Re2 Qd4 33. Rae1 Bxg5
34. Rxe3 Rxe3+ 35. Rxe3 Qd1+ 36. Nxd1 Rd8 37. Qxc6 d4 38. Rd3 h5 39. fxg5 h4
1-0

[Event "Ladder 2 U1400"]
[Site "Gatineau CAN"]
[Date "2022.04.05"]
[Round "5"]
[White "Albert, Michel"]
[Black "Roussel-Lewis, Mathieu"]
[Result "0-1"]
[ECO "D02"]
[WhiteElo "1125"]
[BlackElo "1076"]
[PlyCount "80"]
[EventDate "2022.03.01"]
[EventType "swiss"]
[EventRounds "6"]
[EventCountry "CAN"]
[TimeControl "60/30:0"]

1. d4 d5 2. Nf3 Bf5 3. Bf4 e6 4. e3 a6 5. c3 Bd6 6. Bg3 c5 7. Nbd2 Nc6 8. Ne5
Bxe5 9. dxe5 Nge7 10. Nf3 Ng6 11. Be2 Be4 12. h4 Bxf3 13. Bxf3 Ngxe5 14. Be2
Qb6 15. O-O Qxb2 16. Rb1 Qxc3 17. Qa4 b5 18. Bxb5 O-O 19. Be2 Rfb8 20. Rfc1
Rxb1 21. Rxb1 h6 22. Kh2 Nb4 23. Bh5 Nc4 24. Qd1 Qc2 25. Qf3 Ra7 26. Rg1 Nxa2
27. Bf4 Nd2 28. Qg3 Ne4 29. Qg4 Nf6 30. Qg3 Nxh5 31. Qg4 Nxf4 32. exf4 Rb7 33.
f5 exf5 34. Qf3 Rb1 35. Rxb1 Qxb1 36. Qxd5 Qc2 37. Qa8+ Kh7 38. Qf3 a5 39. Kh3
Qe4 40. Qd1 Qg4+ 0-1

[Event "Ladder 2 U1400"]
[Site "Gatineau CAN"]
[Date "2022.04.05"]
[Round "5"]
[White "Levesque, Sabin"]
[Black "Piche, Danielle"]
[Result "1-0"]
[ECO "D00"]
[WhiteElo "950"]
[BlackElo "1132"]
[PlyCount "41"]
[EventDate "2022.03.01"]
[EventType "swiss"]
[EventRounds "6"]
[EventCountry "CAN"]
[TimeControl "60/30:0"]

1. d4 d5 2. Bf4 Nc6 3. c3 Nf6 4. e3 e6 5. Bd3 a6 6. Nf3 h6 7. O-O Be7 8. Nbd2
O-O 9. Qe2 b5 10. Nb3 Bd6 11. Ne5 Nxe5 12. dxe5 Nh5 13. Qxh5 Be7 14. Bxh6 Qe8
15. Nd4 g6 16. Qh3 Bb7 17. Nf3 Qc6 18. Bg5 Rfe8 19. Bxe7 Rxe7 20. Ng5 Kg7 21.
Qh7+ 1-0

[Event "Luc Bourbonnais mem."]
[Site "Gatineau CAN"]
[Date "2022.09.13"]
[Round "1"]
[White "Blais, Robert"]
[Black "Rioux, Jocelyn"]
[Result "0-1"]
[ECO "B12"]
[WhiteElo "1576"]
[BlackElo "1581"]
[PlyCount "42"]
[EventDate "2022.09.13"]
[EventType "swiss"]
[EventRounds "5"]
[EventCountry "CAN"]
[TimeControl "90/30:0"]

1. e4 c6 2. d4 d5 3. e5 Bf5 4. Nf3 e6 5. Bd3 Bxd3 6. Qxd3 Ne7 7. Bg5 h6 8. Bh4
Qb6 9. Qb3 Nf5 10. c3 c5 11. Qxb6 axb6 12. Nbd2 cxd4 13. cxd4 Bb4 14. a3 Nc6
15. Rc1 Bxd2+ 16. Kxd2 Nxh4 17. Ke3 Nxg2+ 18. Kd2 Nf4 19. Ke3 Ng6 20. Rc3 O-O
21. Rg1 Rfc8 0-1

[Event "Luc Bourbonnais mem."]
[Site "Gatineau CAN"]
[Date "2022.09.13"]
[Round "1"]
[White "Lavoie, Aren"]
[Black "Seguin, Hubert"]
[Result "1-0"]
[ECO "B20"]
[WhiteElo "1404"]
[BlackElo "1516"]
[PlyCount "105"]
[EventDate "2022.09.13"]
[EventType "swiss"]
[EventRounds "5"]
[EventCountry "CAN"]
[TimeControl "90+30"]

1. e4 c5 2. a3 Nc6 3. b4 cxb4 4. axb4 Nxb4 5. c3 Nc6 6. d4 d6 7. Nf3 Nf6 8.
Nbd2 g6 9. Bb5 Bd7 10. O-O Bg7 11. h3 O-O 12. Re1 a6 13. Bc4 b5 14. Bd3 Qc7 15.
Ba3 Rfe8 16. Qc2 Bh6 17. e5 dxe5 18. Nxe5 Nxe5 19. Rxe5 Be6 20. Nb3 Nd7 21. Re2
Bf4 22. Be4 Rac8 23. d5 Bf5 24. Bxf5 gxf5 25. Qxf5 Bd6 26. Qg4+ Kh8 27. Bb2 Nf6
28. Qf3 Qc4 29. Nd2 Qxd5 30. Qxd5 Nxd5 31. c4+ Nf6 32. Ne4 Kg7 33. Nxd6 exd6
34. Rxe8 Rxe8 35. Rxa6 Re1+ 36. Kh2 Re2 37. Bxf6+ Kxf6 38. cxb5 Ke7 39. b6 Kd7
40. Ra7+ Kc8 41. Rxf7 h5 42. Kg3 Rb2 43. b7+ Rxb7 44. Rxb7 Kxb7 45. Kf4 Kc6 46.
Ke3 Kc5 47. Kd3 Kd5 48. g4 hxg4 49. hxg4 Ke5 50. Ke3 d5 51. f4+ Kf6 52. Kd4 Ke6
53. f5+ 1-0